[Event "Titled Tuesday Blitz May 30 Early 2023"]
[White "Golubev, Mikhail"]
[Black "Srdanovic, Jovana"]
[WhiteFideId "14100983"]
[BlackFideId "954810"]
[WhiteElo "2374"]
[BlackElo "2169"]
[Result "1-0"]
[Round "09"]
[TimeControl "180+2"]
[Date "2023.05.30"]
[WhiteClock "0:00:08"]
[BlackClock "0:00:04"]

1. e4 e5 2. Nf3 Nc6 3. Bc4 Bc5 4. c3 Nf6 5. d4 exd4 6. cxd4 Bb4+ 7. Nbd2 Nxe4 8. d5 Ne7 9. O-O Nxd2 10. Nxd2 O-O 11. a3 Bd6 12. Ne4 Nf5 13. Qf3 Nd4 14. Qd3 Nf5 15. Ng5 g6 16. Qh3 h6 17. Ne4 Be5 18. d6 Nxd6 19. Nxd6 cxd6 20. Bxh6 Bg7 21. Bxg7 Kxg7 22. Rad1 Qf6 23. b4 Rh8 24. Qg3 Qh4 25. Qc3+ Qf6 26. Qxf6+ Kxf6 27. Rxd6+ Kg7 28. Rfd1 Rh5 29. Re1 b5 30. Bd5 Rb8 31. Re8 Rh4 32. Bb3 Rf4 33. f3 Rf6 34. Rxf6 Kxf6 35. Rf8 Ke5 36. Bxf7 d5 37. Bxg6 d4 38. Be4 Kd6 39. Kf2 Kc7 40. Rf7+ Bd7 41. Bf5 Re8 42. Rxd7+ Kc6 43. Rxd4 a5 44. Be4+ Kb6 45. Rd6+ Kc7 46. Rc6+ Kd7 47. bxa5 Ra8 48. Rd6+ Kxd6 49. Bxa8 Kc5 1-0


[Site "https://www.chess.com"]

[Event "Titled Tuesday Blitz May 30 Early 2023"]
[White "Schuh, Karsten"]
[Black "Romkachess"]
[WhiteFideId "4637950"]
[WhiteElo "2138"]
[BlackElo "2547"]
[Result "0-1"]
[Round "09"]
[TimeControl "180+2"]
[Date "2023.05.30"]
[WhiteClock "0:00:07"]
[BlackClock "0:00:23"]

1. Nf3 Nf6 2. c4 e6 3. g3 b6 4. Bg2 Bb7 5. O-O Be7 6. b3 O-O 7. Bb2 c5 8. e3 Nc6 9. Nc3 d5 10. cxd5 Nxd5 11. Nxd5 Qxd5 12. d4 Qd7 13. dxc5 Qxd1 14. Rfxd1 Bxc5 15. Ne5 Na5 16. Nd7 Rfd8 17. Nxc5 bxc5 18. Be5 Bxg2 19. Kxg2 Nc6 20. Bd6 f6 21. Bxc5 Kf7 22. Kf1 e5 23. Ke2 Ke6 24. b4 a6 25. Rxd8 Rxd8 26. a4 Rb8 27. Rb1 e4 28. Kd2 Ne5 29. Kc3 Kd5 30. Bd4 Nd3 31. b5 axb5 32. axb5 Nxf2 33. b6 Rb7 34. Rb5+ Kd6 35. Ra5 Nd3 36. Kc4 Kc6 37. Ra7 Ne1 38. Rxb7 Kxb7 39. Kd5 Nf3 40. h4 f5 41. Ke6 Nxd4+ 42. exd4 e3 0-1


[Site "https://www.chess.com"]

[Event "Titled Tuesday Blitz May 30 Early 2023"]
[White "ArrestingPieces"]
[Black "Bashkansky, Ethan"]
[BlackFideId "2071533"]
[WhiteElo "2523"]
[BlackElo "2333"]
[Result "1-0"]
[Round "09"]
[TimeControl "180+2"]
[Date "2023.05.30"]
[WhiteClock "0:01:11"]
[BlackClock "0:00:32"]

1. e4 c6 2. d4 d5 3. exd5 cxd5 4. c4 Nf6 5. Nc3 Nc6 6. Nf3 Bg4 7. cxd5 Nxd5 8. Be2 e6 9. h3 Bxf3 10. Bxf3 Be7 11. O-O O-O 12. Be3 Bf6 13. Qd3 Rc8 14. Rfd1 Ncb4 15. Qd2 b6 16. a3 Nxc3 17. bxc3 Nd5 18. Rac1 Qd6 19. c4 Nxe3 20. Qxe3 Rfd8 21. c5 Qe7 22. cxb6 Bg5 23. Rxc8 Bxe3 24. Rxd8+ Qxd8 25. bxa7 1-0


[Site "https://www.chess.com"]

[Event "Titled Tuesday Blitz May 30 Early 2023"]
[White "robertoalejandro10"]
[Black "Gatterer, Florian"]
[BlackFideId "811688"]
[WhiteElo "2516"]
[BlackElo "2221"]
[Result "1-0"]
[Round "09"]
[TimeControl "180+2"]
[Date "2023.05.30"]
[WhiteClock "0:00:14"]
[BlackClock "0:00:00"]

1. Nf3 c5 2. c4 g6 3. g3 Bg7 4. Bg2 Nc6 5. O-O e6 6. Nc3 Nge7 7. d4 Nxd4 8. Nxd4 cxd4 9. Nb5 d5 10. cxd5 Nxd5 11. Nxd4 O-O 12. e3 Bd7 13. Qe2 Qa5 14. Rd1 Rac8 15. Nb3 Qb6 16. e4 Bb5 17. Qe1 Ne7 18. Be3 Qa6 19. Nc5 Qc6 20. e5 Nd5 21. Rac1 Qe8 22. Nxb7 Rxc1 23. Rxc1 Bxe5 24. Bh6 Bg7 25. Bxg7 Kxg7 26. Qe5+ Kg8 27. Nd6 Qb8 28. Bxd5 exd5 29. Qxd5 Bd7 30. Ne4 Be6 31. Nf6+ Kg7 32. Qd4 Kh6 33. Qe3+ Kg7 34. Qc3 Kh6 35. h4 Rc8 36. Qe3+ Kg7 37. Ne4 Rxc1+ 38. Qxc1 Qe5 39. Qc3 f6 40. Qxe5 fxe5 41. Nc3 Kf7 42. Kf1 Ke7 43. Ke2 Kd6 44. Ke3 Kc5 45. Ke4 Bf5+ 46. Kxe5 Bc2 47. Kf6 Kc4 48. Kg7 Kd3 49. Kxh7 Kd2 50. Kh6 Kc1 51. Nb5 Kxb2 52. Nxa7 Kxa2 53. Nc6 Kb3 54. Ne5 Kc3 55. Nxg6 Kd4 56. Kg7 Ke4 57. h5 Kf3 58. h6 Kg4 59. h7 1-0


[Site "https://www.chess.com"]

[Event "Titled Tuesday Blitz May 30 Early 2023"]
[White "Ljukin, Sergei"]
[Black "Camilla_Lee"]
[WhiteFideId "14102200"]
[WhiteElo "2312"]
[BlackElo "2644"]
[Result "0-1"]
[Round "09"]
[TimeControl "180+2"]
[Date "2023.05.30"]
[WhiteClock "0:00:00"]
[BlackClock "0:01:06"]

1. e4 e5 2. Nf3 Nc6 3. Bb5 f5 4. d3 fxe4 5. dxe4 Nf6 6. Nc3 Bb4 7. Qd3 d6 8. Bd2 Bxc3 9. Bxc3 Qe7 10. O-O Be6 11. Ng5 Bd7 12. Bc4 Rf8 13. b4 h6 14. Nf3 Nd8 15. Nh4 g5 16. Ng6 Qg7 17. Nxf8 Kxf8 18. Bd2 Ne6 19. Bxe6 Bxe6 20. c4 Qf7 21. Rac1 Kg7 22. a3 Rd8 23. c5 d5 24. exd5 Bxd5 25. Bc3 Qe6 26. Rfe1 Nd7 27. Qe3 Re8 28. f3 c6 29. f4 gxf4 30. Qxf4 Kh7 31. Qh4 Rg8 32. Re2 Rg4 33. Qe1 Qg6 34. Rcc2 e4 35. Qf2 h5 36. Qd4 Qg8 37. Re3 Rg6 38. Rf2 Kh6 39. Rh3 e3 0-1


[Site "https://www.chess.com"]

[Event "Titled Tuesday Blitz May 30 Early 2023"]
[White "Rodriguez Santiago, Jaime"]
[Black "Guz, Ari"]
[WhiteFideId "3100898"]
[BlackFideId "2825759"]
[WhiteElo "2025"]
[BlackElo "2205"]
[Result "1-0"]
[Round "09"]
[TimeControl "180+2"]
[Date "2023.05.30"]
[WhiteClock "0:00:30"]
[BlackClock "0:00:15"]

1. d4 a5 2. c4 a4 3. Nc3 a3 4. b3 g6 5. e4 Bg7 6. Be2 c5 7. Nf3 Nc6 8. Be3 cxd4 9. Nxd4 Qa5 10. Qd2 Nxd4 11. Bxd4 Nf6 12. O-O Nxe4 13. Nxe4 Qxd2 14. Nxd2 Bxd4 15. Rad1 O-O 16. Bf3 d6 17. Rfe1 e5 18. Ne4 Rd8 19. Nf6+ Kg7 20. Nd5 Bf5 21. Nc7 Rab8 22. Nb5 Bc5 23. Bd5 b6 24. h3 h5 25. Re2 g5 26. Red2 Bb4 27. Re2 g4 28. hxg4 hxg4 29. g3 Rh8 30. Kg2 Rh6 31. Rh1 Rxh1 32. Kxh1 Bd3 33. Re3 Bc2 34. Re2 Bd1 35. Re3 f5 36. Be6 Kf6 37. Bd5 Rh8+ 38. Kg1 Bc5 39. Rd3 Bc2 40. Rd2 Bb1 41. Bg2 f4 42. gxf4 exf4 43. Nc3 f3 44. Nxb1 fxg2 45. Kxg2 Re8 46. Nc3 Re1 47. Nd5+ Kg5 48. b4 Rc1 49. bxc5 bxc5 50. Ne3 Rxc4 51. Nxc4 1-0


[Site "https://www.chess.com"]

[Event "Titled Tuesday Blitz May 30 Early 2023"]
[White "Mamedov, Edgar"]
[Black "Kovalevsky, Stanislav"]
[WhiteFideId "13739980"]
[BlackFideId "13508598"]
[WhiteElo "2317"]
[BlackElo "2174"]
[Result "0-1"]
[Round "09"]
[TimeControl "180+2"]
[Date "2023.05.30"]
[WhiteClock "0:00:00"]
[BlackClock "0:00:07"]

1. e4 e6 2. Nf3 d5 3. exd5 exd5 4. d4 Nc6 5. Bb5 Bd7 6. O-O Bd6 7. Re1+ Nge7 8. Bg5 O-O 9. Nc3 f6 10. Bh4 a6 11. Bf1 Re8 12. Bg3 Bg4 13. Be2 Qd7 14. Bxd6 Qxd6 15. Qd2 Kh8 16. h3 Bh5 17. Ne5 fxe5 18. Bxh5 exd4 19. Bxe8 dxc3 20. Qxc3 Rxe8 21. Rad1 Rf8 22. Qd2 Ne5 23. Qe2 N7g6 24. h4 Rf5 25. h5 Nf4 26. Qe3 Ng4 27. Qg3 Nf6 28. h6 gxh6 29. Rd4 Ng6 30. Qxd6 cxd6 31. a4 Kg7 32. a5 Ne4 33. Red1 Ne7 34. f3 Nc5 35. b4 Ne6 36. R4d2 Kf6 37. c3 Nc6 38. Kf2 d4 39. cxd4 Nxb4 40. Rb1 Rb5 41. Rb3 Nc7 42. g4 Ncd5 43. Kg3 Rxa5 44. Rdb2 Ra4 45. Rh2 Kg6 46. f4 a5 47. f5+ Kg7 48. Re2 b6 49. Re6 Ra2 50. Rxd6 a4 51. Rb1 Ra3+ 52. Kh2 Rd3 53. Ra1 a3 54. Rd7+ Kf6 55. Ra7 a2 56. Ra4 Kg5 0-1


[Site "https://www.chess.com"]

[Event "Titled Tuesday Blitz May 30 Early 2023"]
[White "Sharapov, Evgeny"]
[Black "KorolDimitriy75"]
[WhiteFideId "14103133"]
[WhiteElo "2367"]
[BlackElo "2409"]
[Result "1/2-1/2"]
[Round "09"]
[TimeControl "180+2"]
[Date "2023.05.30"]
[WhiteClock "0:00:11"]
[BlackClock "0:00:13"]

1. e4 c5 2. Nf3 g6 3. d4 cxd4 4. Nxd4 Nf6 5. Nc3 d6 6. g3 Nc6 7. Nde2 Bd7 8. Bg2 Qc8 9. Nf4 Bg7 10. O-O O-O 11. Ncd5 Nxd5 12. exd5 Ne5 13. c3 b5 14. a3 a5 15. Ne2 Bh3 16. Nd4 Bxg2 17. Kxg2 Qb7 18. Nf3 Rfc8 19. Nxe5 Bxe5 20. Be3 b4 21. axb4 axb4 22. Rxa8 Qxa8 23. cxb4 Bxb2 24. b5 Ba3 25. Qb3 Bc5 26. Rc1 e6 27. b6 Qb7 28. Kg1 exd5 29. Rd1 Rc6 30. Qxd5 Qxb6 31. Bxc5 Qxc5 32. Qe4 Rc8 33. h4 h5 34. Rd5 Qc6 35. Qd4 Re8 36. Kh2 Re1 37. Qd2 Qc1 38. Qxc1 Rxc1 39. Rxd6 Rc2 40. Kg2 Rb2 41. Kf3 Rb3+ 42. Kg2 Kg7 43. Rc6 Rb2 44. Kf3 Rb3+ 1/2-1/2


[Site "https://www.chess.com"]

[Event "Titled Tuesday Blitz May 30 Early 2023"]
[White "Parpiev, Isaak"]
[Black "Toktomushev, Teimur"]
[WhiteFideId "34281576"]
[BlackFideId "14176726"]
[WhiteElo "2115"]
[BlackElo "2116"]
[Result "1-0"]
[Round "09"]
[TimeControl "180+2"]
[Date "2023.05.30"]
[WhiteClock "0:00:54"]
[BlackClock "0:00:00"]

1. e4 c5 2. Nf3 e6 3. c3 d5 4. e5 d4 5. Bd3 Bd7 6. O-O Bc6 7. Na3 Nd7 8. Re1 Ne7 9. Nb5 Ng6 10. cxd4 a6 11. Nd6+ Bxd6 12. exd6 Bxf3 13. Qxf3 cxd4 14. Qxb7 O-O 15. Bxg6 hxg6 16. d3 Nc5 17. Qf3 Qxd6 18. Bf4 Qb6 19. b3 a5 20. Be5 Rad8 21. h4 Rd5 22. Rac1 f6 23. Bg3 Rf5 24. Qd1 Qa6 25. Rc4 Rc8 26. Rxd4 e5 27. Rc4 Qb5 28. d4 exd4 29. Qxd4 Kh7 30. Rec1 Ne6 31. Qc3 Rxc4 32. Qxc4 Qb6 33. Re1 Nc5 34. Qd4 Ne6 35. Qxb6 1-0


[Site "https://www.chess.com"]

[Event "Titled Tuesday Blitz May 30 Early 2023"]
[White "Herzog2012"]
[Black "Belov, Alexei"]
[BlackFideId "4128206"]
[WhiteElo "2398"]
[BlackElo "2530"]
[Result "1-0"]
[Round "09"]
[TimeControl "180+2"]
[Date "2023.05.30"]
[WhiteClock "0:00:11"]
[BlackClock "0:00:03"]

1. e4 e6 2. Nf3 d5 3. e5 c5 4. b4 cxb4 5. a3 bxa3 6. Nxa3 Nc6 7. c3 Bd7 8. d4 a6 9. Bd3 Nge7 10. h4 h6 11. h5 Nc8 12. O-O Nb6 13. Nc2 Nc4 14. Ne3 b5 15. Ne1 Be7 16. f4 O-O 17. f5 Nxe3 18. Bxe3 exf5 19. Bxf5 Bxf5 20. Rxf5 Qd7 21. Qf3 f6 22. exf6 Rxf6 23. Qxd5+ Qxd5 24. Rxd5 b4 25. cxb4 Nxb4 26. Rd7 Re6 27. Bd2 Bf8 28. Nf3 Rd6 29. Rxd6 Bxd6 30. Ra4 Nd5 31. Ra5 Nf4 32. Bxf4 Bxf4 33. Kf2 Bc7 34. Rc5 Bb6 35. Rc6 Rb8 36. Ke3 a5 37. Ne5 Bd8 38. Ra6 Rc8 39. Ke4 Kf8 40. Nc6 Bc7 41. Nxa5 Re8+ 42. Kd3 Bf4 43. Nc6 Re3+ 44. Kc4 Rg3 45. Ra8+ Kf7 46. Ra7+ Kf6 47. Nd8 Bc1 48. Rf7+ Kg5 49. Rxg7+ Kh4 50. Rxg3 Kxg3 51. Nf7 Kxg2 52. d5 Bf4 53. Kd4 Kh3 54. Ke4 Kg4 55. Ne5+ Kg5 56. d6 Bxe5 57. Kxe5 Kxh5 58. d7 Kg4 59. d8=Q h5 60. Qd1+ Kg3 61. Qh1 h4 62. Ke4 h3 63. Ke3 h2 64. Qf3+ Kh4 65. Kf4 h1=Q 66. Qxh1# 1-0


[Site "https://www.chess.com"]

[Event "Titled Tuesday Blitz May 30 Early 2023"]
[White "Staudenhocker43"]
[Black "Makhmudov, Shukhrat"]
[BlackFideId "14200775"]
[WhiteElo "2514"]
[BlackElo "2135"]
[Result "1-0"]
[Round "09"]
[TimeControl "180+2"]
[Date "2023.05.30"]
[WhiteClock "0:02:13"]
[BlackClock "0:02:21"]

1. d4 Nf6 2. c4 e6 3. g3 d5 4. Bg2 Be7 5. Nf3 O-O 6. Nc3 c6 7. O-O Nbd7 8. Qd3 b6 9. e4 dxe4 10. Nxe4 c5 11. Rd1 cxd4 12. Nxd4 Bb7 13. Nxf6+ Bxf6 14. Bxb7 Nc5 15. Qf3 Bxd4 16. Bxa8 e5 17. Bd5 Qe7 18. Qe2 Qf6 19. Be3 1-0


[Site "https://www.chess.com"]

[Event "Titled Tuesday Blitz May 30 Early 2023"]
[White "Dwilewicz, Katarzyna"]
[Black "Lehtosaari, Mauri"]
[WhiteFideId "1148486"]
[BlackFideId "501999"]
[WhiteElo "2065"]
[BlackElo "2509"]
[Result "1/2-1/2"]
[Round "09"]
[TimeControl "180+2"]
[Date "2023.05.30"]
[WhiteClock "0:00:08"]
[BlackClock "0:00:04"]

1. e4 d5 2. exd5 Nf6 3. Nf3 Bg4 4. h3 Bxf3 5. Qxf3 Qxd5 6. Qxd5 Nxd5 7. d4 Nf6 8. Nc3 c6 9. Bf4 e6 10. O-O-O Bb4 11. Bd3 Nbd7 12. Ne2 Nd5 13. Bg3 b5 14. c3 Be7 15. Rhe1 O-O 16. Kc2 a5 17. Nf4 N7f6 18. Nxd5 Nxd5 19. f4 Bd6 20. Re4 Rfe8 21. Rde1 g6 22. Bh2 a4 23. g3 Rec8 24. Bg1 Rab8 25. R4e2 c5 26. dxc5 Bxc5 27. Bxc5 Rxc5 28. Kd2 a3 29. bxa3 Rxc3 30. Rb1 Rxa3 31. Rxb5 Rxb5 32. Bxb5 Rxa2+ 33. Ke1 Rxe2+ 34. Bxe2 Kf8 35. Bc4 Ke7 36. Ke2 Kd6 37. h4 Kc5 38. Bb3 Kd4 39. Kf3 h6 40. Ba4 f6 41. Be8 Ne7 42. g4 e5 43. g5 e4+ 44. Ke2 fxg5 45. fxg5 hxg5 46. hxg5 Ke5 47. Ke3 Nd5+ 48. Kf2 Kf5 49. Bc6 Nf4 50. Ke3 Ng2+ 51. Kf2 Nf4 52. Ke3 Nh3 53. Bxe4+ Kxg5 54. Kf3 Kf6 55. Kg3 Ng5 56. Bd3 Nf7 57. Bxg6 1/2-1/2


[Site "https://www.chess.com"]

[Event "Titled Tuesday Blitz May 30 Early 2023"]
[White "Novikova, Galina"]
[Black "Baches Garcia, Guillermo"]
[WhiteFideId "4157095"]
[BlackFideId "2209764"]
[WhiteElo "1953"]
[BlackElo "2505"]
[Result "1/2-1/2"]
[Round "09"]
[TimeControl "180+2"]
[Date "2023.05.30"]
[WhiteClock "0:00:07"]
[BlackClock "0:00:07"]

1. e4 d5 2. exd5 Qxd5 3. Nf3 Bg4 4. Be2 Nc6 5. d4 O-O-O 6. Be3 e5 7. c4 Qa5+ 8. Bd2 Qa6 9. d5 Bxf3 10. Bxf3 Nd4 11. Be2 Nf6 12. Nc3 Bb4 13. O-O Nxe2+ 14. Qxe2 Rhe8 15. Rfe1 e4 16. a3 Bc5 17. b4 Bd4 18. Rac1 e3 19. Bxe3 Bxe3 20. fxe3 Kb8 21. a4 h5 22. a5 Re5 23. h3 Rde8 24. Qd3 Ne4 25. Nb5 Nd6 26. Nd4 g6 27. Rb1 Nf5 28. b5 Qxa5 29. Qb3 Nxd4 30. Qb2 Nf5 31. Ra1 Qb6 32. Kh1 Nxe3 33. Qc3 Ng4 34. hxg4 Rxe1+ 35. Rxe1 Rxe1+ 36. Qxe1 a5 37. gxh5 gxh5 38. Qe8+ Ka7 39. Qxf7 a4 40. Qxh5 a3 41. Qd1 Qa5 42. Qa1 a2 43. Kh2 Qa3 44. c5 Qb3 45. b6+ cxb6 46. cxb6+ Kxb6 47. Qd4+ Ka6 48. d6 Qb1 49. Qa4+ Kb6 50. d7 Kc7 51. Qd4 Kd8 52. Qh8+ Kxd7 53. Qd4+ Kc8 54. Qc5+ Kb8 55. Qf8+ Ka7 56. Qa3+ Kb8 57. Qf8+ Kc7 58. Qe7+ Kc6 59. Qe6+ Kb5 60. Qd7+ Ka6 61. Qa4+ Kb6 62. Qd4+ Kc7 63. Qc5+ Kd8 64. Qf8+ Kd7 65. Qf7+ Kc6 66. Qe6+ Kc7 67. Qe7+ Kb8 68. Qd8+ Ka7 69. Qa5+ Kb8 70. Qd8+ Ka7 71. Qa5+ Kb8 72. Qd8+ 1/2-1/2


[Site "https://www.chess.com"]

[Event "Titled Tuesday Blitz May 30 Early 2023"]
[White "Horak, Martin"]
[Black "Rodrigues Mota, Romulo Cardoso S"]
[WhiteFideId "367095"]
[BlackFideId "2187442"]
[WhiteElo "2091"]
[BlackElo "1936"]
[Result "1-0"]
[Round "09"]
[TimeControl "180+2"]
[Date "2023.05.30"]
[WhiteClock "0:01:01"]
[BlackClock "0:00:39"]

1. e4 c5 2. Nf3 g6 3. d4 cxd4 4. Nxd4 Nc6 5. Nc3 Bg7 6. Be3 Nf6 7. Bc4 O-O 8. Bb3 d6 9. h3 Bd7 10. O-O Rc8 11. Qe2 a6 12. Rad1 Nxd4 13. Bxd4 Nh5 14. Bxg7 Kxg7 15. Qe3 Qa5 16. Rd5 Rc5 17. Rfd1 Bc6 18. Rxc5 Qxc5 19. Qxc5 dxc5 20. Bd5 Bxd5 21. Rxd5 b6 22. f3 Nf4 23. Rd7 Kf6 24. Nd5+ Nxd5 25. Rxd5 Ke6 26. Kf2 f5 27. Ke3 fxe4 28. Kxe4 Rf4+ 29. Kxf4 Kxd5 30. Kg5 e5 31. Kh6 Ke6 32. Kxh7 Kf5 33. Kg7 b5 34. c3 a5 35. a3 g5 36. Kh6 Kf4 37. Kg6 Kg3 38. Kxg5 Kxg2 39. Kg4 1-0


[Site "https://www.chess.com"]

[Event "Titled Tuesday Blitz May 30 Early 2023"]
[White "Yurasova, Daria"]
[Black "Koridze, Lile"]
[WhiteFideId "34146919"]
[BlackFideId "13612514"]
[WhiteElo "2109"]
[BlackElo "2047"]
[Result "1-0"]
[Round "09"]
[TimeControl "180+2"]
[Date "2023.05.30"]
[WhiteClock "0:00:16"]
[BlackClock "0:00:58"]

1. d4 Nf6 2. Bg5 e6 3. e4 Be7 4. Nd2 d6 5. Bd3 Nbd7 6. Ne2 e5 7. O-O exd4 8. Nxd4 O-O 9. Nf5 Ne5 10. Nxe7+ Qxe7 11. Be2 h6 12. Bh4 g5 13. Bg3 Ng6 14. Bd3 Kg7 15. Kh1 Ng4 16. Nc4 N4e5 17. Ne3 Nf4 18. Bxf4 gxf4 19. Nd5 Qh4 20. g3 Qh3 21. Nxf4 Qd7 22. Be2 f5 23. Nd3 fxe4 24. Nxe5 dxe5 25. Qxd7+ Bxd7 26. Kg1 Bc6 27. Rad1 Rad8 28. Bc4 b5 29. Bb3 a5 30. c3 Rd3 31. Bc2 Rdf3 32. Rde1 Rd8 33. Bxe4 Bxe4 34. Rxe4 Kf6 35. Re2 c5 36. Rfe1 Rd5 37. Kg2 Rf5 38. g4 Rf4 39. h3 b4 40. cxb4 cxb4 41. Kg3 Rd3+ 42. Re3 Rd2 43. R1e2 Rd5 44. Rf3 Kg5 45. Rxe5+ Rxe5 46. Rxf4 Rd5 47. Rf5+ Rxf5 48. gxf5 Kxf5 49. f4 h5 50. Kf3 h4 51. Ke3 Ke6 52. Ke4 Kd6 53. Kf5 Kc5 54. Kg6 a4 55. f5 Kc4 56. f6 a3 57. bxa3 bxa3 58. f7 Kc3 59. f8=Q Kb2 60. Qf7 1-0


[Site "https://www.chess.com"]

[Event "Titled Tuesday Blitz May 30 Early 2023"]
[White "Kaganskiy, Gleb"]
[Black "LangesNasenhaar"]
[WhiteFideId "4132025"]
[WhiteElo "2165"]
[BlackElo "2479"]
[Result "0-1"]
[Round "09"]
[TimeControl "180+2"]
[Date "2023.05.30"]
[WhiteClock "0:00:09"]
[BlackClock "0:00:55"]

1. e4 d6 2. d4 Nf6 3. Nc3 Nbd7 4. Nf3 e5 5. Bc4 Be7 6. dxe5 dxe5 7. Bxf7+ Kxf7 8. Ng5+ Kg8 9. Ne6 Qe8 10. Nxc7 Qg6 11. Nxa8 Qxg2 12. Rf1 Nc5 13. Qe2 Bh3 14. Nc7 Qxf1+ 15. Qxf1 Bxf1 16. Kxf1 Nfxe4 17. Nxe4 Nxe4 18. Be3 a6 19. Nd5 Kf7 20. Nxe7 Kxe7 21. f3 Nf6 22. c4 Rc8 23. b3 b5 24. cxb5 axb5 25. a4 bxa4 26. bxa4 Nd5 27. Bd2 Rc2 28. Ke1 Rc6 29. a5 Ra6 30. Rb1 Kd6 31. Rb7 Nc7 32. Rb6+ Rxb6 33. axb6 Nd5 34. Ba5 Kc6 35. Kf2 Nxb6 36. Ke3 Nc4+ 37. Ke4 Nxa5 38. Kxe5 Kd7 39. f4 Ke7 40. f5 Nc6+ 41. Kf4 Kf6 42. Kg4 Ne7 0-1


[Site "https://www.chess.com"]

[Event "Titled Tuesday Blitz May 30 Early 2023"]
[White "Fajdetic, Hrvoje"]
[Black "Avazkhonov, Alikhon"]
[WhiteFideId "14501945"]
[BlackFideId "14208504"]
[WhiteElo "2185"]
[BlackElo "1739"]
[Result "1-0"]
[Round "09"]
[TimeControl "180+2"]
[Date "2023.05.30"]
[WhiteClock "0:00:33"]
[BlackClock "0:00:00"]

1. d4 Nf6 2. Bf4 e6 3. e3 d5 4. Nf3 Bd6 5. Bg3 O-O 6. Bd3 c5 7. c3 Nc6 8. Nbd2 b6 9. e4 Be7 10. e5 Nh5 11. a3 h6 12. Rc1 Bb7 13. Nf1 cxd4 14. cxd4 Rc8 15. Bb1 Ba6 16. Ne3 Na5 17. Rxc8 Qxc8 18. Nd2 Nxg3 19. hxg3 f6 20. f4 fxe5 21. dxe5 d4 22. Ng4 Rf7 23. Bg6 Rf8 24. Be4 Rf7 25. Bg6 Rf8 26. Nxh6+ gxh6 27. Rxh6 Rf7 28. Bxf7+ Kxf7 29. Qh5+ Kf8 30. Rh8+ Kg7 31. Rh7+ 1-0


[Site "https://www.chess.com"]

[Event "Titled Tuesday Blitz May 30 Early 2023"]
[White "Zheenbekov, Nurgazy"]
[Black "Vaglio Munoz, Jaime"]
[WhiteFideId "13800485"]
[BlackFideId "6500145"]
[WhiteElo "1975"]
[BlackElo "2199"]
[Result "1-0"]
[Round "09"]
[TimeControl "180+2"]
[Date "2023.05.30"]
[WhiteClock "0:00:06"]
[BlackClock "0:00:17"]

1. e4 c5 2. Nf3 Qa5 3. g3 Nf6 4. Nc3 a6 5. Bg2 b5 6. O-O Bb7 7. d3 b4 8. Nb1 e6 9. Nbd2 d5 10. exd5 Bxd5 11. Nc4 Qd8 12. Qe2 Be7 13. Bf4 O-O 14. Nfe5 Bxg2 15. Kxg2 Nd5 16. Bd2 Bf6 17. Rfe1 Nd7 18. Nxd7 Qxd7 19. Kg1 a5 20. h4 h6 21. Be3 Rfc8 22. Qf3 a4 23. Rad1 b3 24. axb3 axb3 25. cxb3 Rab8 26. d4 Rxb3 27. dxc5 Rxc5 28. Qe2 Qc7 29. Bxc5 Qxc5 30. Ne5 Qc7 31. Nd3 Qb6 32. Kh2 Bxb2 33. Rb1 Bf6 34. Rxb3 Qxb3 35. Ne5 Qc3 36. Nxf7 Kxf7 37. Qxe6+ Kg6 38. Qe4+ Kh5 39. Qxd5+ g5 40. Qf7+ Kg4 41. Re4+ Kf3 42. Re3+ Qxe3 43. Qxf6+ Qf4 44. gxf4 g4 45. Qf5 h5 46. Qxh5 Kxf2 47. Qxg4 Kf1 48. Qg2+ Ke1 49. Kg3 1-0


[Site "https://www.chess.com"]

[Event "Titled Tuesday Blitz May 30 Early 2023"]
[White "Jiganchine, Roman"]
[Black "Andreev, Konstantin"]
[WhiteFideId "2603667"]
[BlackFideId "24239305"]
[WhiteElo "2309"]
[BlackElo "2106"]
[Result "1-0"]
[Round "09"]
[TimeControl "180+2"]
[Date "2023.05.30"]
[WhiteClock "0:01:11"]
[BlackClock "0:01:43"]

1. e4 c5 2. Nf3 e6 3. g3 Nc6 4. Bg2 a6 5. O-O Nge7 6. c3 d5 7. exd5 Nxd5 8. d4 cxd4 9. Nxd4 Be7 10. Nxc6 bxc6 11. c4 Nb4 12. a3 Qxd1 13. Rxd1 Nc2 14. Bxc6+ Kf8 15. Ra2 Rb8 16. Be4 1-0


[Site "https://www.chess.com"]

[Event "Titled Tuesday Blitz May 30 Early 2023"]
[White "Zaksaite, Salomeja"]
[Black "Gurevich, Dmitry"]
[WhiteFideId "12801496"]
[BlackFideId "2000407"]
[WhiteElo "2059"]
[BlackElo "2506"]
[Result "0-1"]
[Round "09"]
[TimeControl "180+2"]
[Date "2023.05.30"]
[WhiteClock "0:00:00"]
[BlackClock "0:02:00"]

1. e4 c5 2. Nf3 d6 3. d4 cxd4 4. Nxd4 Nf6 5. Nc3 Nc6 6. Bc4 e6 7. Bb3 a6 8. Be3 Na5 9. Qe2 Qc7 10. O-O-O b5 11. f3 Nxb3+ 12. axb3 b4 13. Na4 Nd7 14. f4 Nc5 15. f5 e5 16. Ne6 fxe6 17. Qh5+ Qf7 18. Qh3 Nxa4 19. bxa4 exf5 20. exf5 Bxf5 0-1


[Site "https://www.chess.com"]

[Event "Titled Tuesday Blitz May 30 Early 2023"]
[White "Erzhanov, Arman"]
[Black "Cupid, Kevin"]
[WhiteFideId "4138821"]
[BlackFideId "7700512"]
[WhiteElo "2138"]
[BlackElo "2124"]
[Result "1-0"]
[Round "09"]
[TimeControl "180+2"]
[Date "2023.05.30"]
[WhiteClock "0:02:23"]
[BlackClock "0:01:06"]

1. e4 c6 2. d4 d5 3. exd5 cxd5 4. c4 Nf6 5. Nc3 Nc6 6. Nf3 Bg4 7. cxd5 Nxd5 8. Qb3 Bxf3 9. gxf3 e6 10. Qxb7 Nxd4 11. Bb5+ Nxb5 12. Qc6+ Ke7 13. Qc5+ Kf6 14. Ne4+ Kf5 15. Qxb5 Bb4+ 16. Kf1 Qc7 17. Rg1 f6 18. Qd3 Ke5 19. f4+ 1-0


[Site "https://www.chess.com"]

[Event "Titled Tuesday Blitz May 30 Early 2023"]
[White "Barbot, Pierre"]
[Black "Blokhin, Sofia"]
[WhiteFideId "663727"]
[BlackFideId "4508190"]
[WhiteElo "2431"]
[BlackElo "1994"]
[Result "0-1"]
[Round "09"]
[TimeControl "180+2"]
[Date "2023.05.30"]
[WhiteClock "0:00:03"]
[BlackClock "0:00:12"]

1. d4 d5 2. Nf3 e6 3. Bf4 Nf6 4. e3 Be7 5. Nbd2 O-O 6. Bd3 b6 7. O-O Bb7 8. h3 Nbd7 9. Ne5 Ne4 10. c4 f5 11. Bh2 Ndf6 12. f3 Nxd2 13. Qxd2 c5 14. Kh1 cxd4 15. exd4 Nh5 16. b4 Bg5 17. Qe2 Bh4 18. c5 bxc5 19. bxc5 Bg3 20. c6 Bxh2 21. Kxh2 Bc8 22. f4 Qh4 23. Qf2 Qe7 24. Qf3 Nf6 25. Rab1 Ne4 26. Bxe4 dxe4 27. Qb3 Ba6 28. Rfc1 Rac8 29. Rc5 Qh4 30. g3 Qe7 31. Rbc1 Rc7 32. Kg2 g5 33. Qa3 gxf4 34. Qxa6 f3+ 35. Kf2 f4 36. Qa5 fxg3+ 37. Kxg3 Qg5+ 38. Ng4 Qf4+ 39. Kf2 Rg7 40. R1c4 Rxg4 41. hxg4 e3+ 42. Kf1 e2+ 43. Kf2 Qh2+ 44. Ke3 Qg1+ 45. Kd3 Qd1+ 46. Ke3 e1=Q+ 47. Qxe1 Qxe1+ 48. Kd3 f2 49. c7 f1=Q+ 50. Kc2 Qb1+ 51. Kc3 Qfc1# 0-1


[Site "https://www.chess.com"]

[Event "Titled Tuesday Blitz May 30 Early 2023"]
[White "Kuznetsov, Mikhail"]
[Black "Bashirli, Saadat"]
[WhiteFideId "4117190"]
[BlackFideId "13429990"]
[WhiteElo "1981"]
[BlackElo "1408"]
[Result "1-0"]
[Round "09"]
[TimeControl "180+2"]
[Date "2023.05.30"]
[WhiteClock "0:00:10"]
[BlackClock "0:00:08"]

1. d4 d5 2. Nf3 e6 3. c4 c6 4. e3 Nf6 5. Bd3 dxc4 6. Bxc4 b5 7. Be2 Nbd7 8. O-O Bd6 9. Nc3 Bb7 10. e4 e5 11. dxe5 Nxe5 12. Nxe5 Bxe5 13. f4 Qxd1 14. Rxd1 Bxc3 15. bxc3 Nxe4 16. Bf3 Nxc3 17. Re1+ Kd7 18. Bg4+ Kd8 19. Bb2 Nd5 20. Bf3 f6 21. a4 a6 22. Ba3 b4 23. Bxd5 bxa3 24. Bf3 Re8 25. Red1+ Kc7 26. Rxa3 Rad8 27. Rb1 Ba8 28. a5 Rd4 29. Rb6 Rd2 30. h4 c5 31. Rxa6 Bxf3 32. Rxf3 Re1+ 33. Kh2 Kb7 34. Rb6+ Ka7 35. Rg3 Re7 36. Rc3 Rc7 37. Rc4 Ra2 38. Rb5 Rf2 39. Kg3 Rd2 40. Rbxc5 Rcd7 41. Rc7+ Ka6 42. Rxd7 Rxd7 43. Rc5 Rd3+ 44. Kf2 Rd4 45. Ke3 Rd7 46. g4 Re7+ 47. Kf3 Rd7 48. h5 Rb7 49. h6 gxh6 50. Rc6+ Kxa5 51. Rxf6 Kb5 52. Rxh6 Kc5 53. Re6 Kd5 54. f5 Rg7 55. Kf4 Rf7 56. g5 Rg7 57. Re1 Kd6 58. f6 Rf7 59. Kf5 Kd7 60. g6 hxg6+ 61. Kxg6 Rf8 62. Kg7 Ra8 63. f7 Ra2 64. f8=Q Rg2+ 65. Kh6 Rh2+ 66. Kg5 Rg2+ 67. Kh4 Rh2+ 68. Kg3 Rg2+ 69. Kxg2 Kc6 70. Qf5 1-0


[Site "https://www.chess.com"]